 Dungeon Crawl Stone Soup version 0.31-a0-986-g5e6e4ef867 (webtiles) character file.

Game seed: 17362384739910406600

145601 croobank the Martial Artist (level 17, -24/138 HPs)
             Began as a Gnoll Shapeshifter on Nov 22, 2023.
             Was an Elder of Ashenzari.
             Blown up by an orb spider (55 damage)
             ... with an orb of destruction
             ... on level 3 of the Spider Nest.
             The game lasted 02:22:12 (41624 turns).

croobank the Martial Artist (Gnoll Shapeshifter)   Turns: 41624, Time: 02:22:13

Health: -24/138    AC: 18    Str: 17    XL:     17   Next: 42%
Magic:  17/38      EV: 25    Int: 15    God:    Ashenzari [****..]
Gold:   1441       SH:  0    Dex: 25    Spells: 16/43 levels left

rFire   . . .        C - melded +9 short sword "Eternal With Me" {freeze, Drain rC+ Dex+4, Alch, Fort} (curse)
rCold   + . .        P - melded +1 kite shield {rC+}
rNeg    + . .        E - +0 acid dragon scales "Unveiling Apathy" {rCorr, Comp, Bglg} (curse)
rPois   +            i - +0 helmet "I Knew You'd Do That" {Elem, Bglg} (curse)
rElec   .            B - +0 cloak "Circumscribed Omission" {rN+, Comp, Cun} (curse)
rCorr   +            g - +1 pair of gloves "Behold Eternity" {Comp, Cun} (curse)
SInv    +            j - +0 pair of boots of Ashenzari's Adversity {Drain Regen+ Str+3 Dex+5, Range, Comp} (curse)
Will    +....        (no amulet)
Stlth   +++          n - ring "Share My Regret" {Dex+6, Melee, Self} (curse)
HPRegen 1.23/turn    J - ring of protection from cold
MPRegen 0.26/turn

%: clarity
@: flux-form, glowing
A: glow, contaminating, fangs 1, strong nose, distributed training, iridescent
scales 1, high MP 1, poison resistance, MP-powered wands
a: Begin Untransformation, Renounce Religion, Curse Item, Shatter the Chains


You were on level 3 of the Spider Nest.
You worshipped Ashenzari.
Ashenzari was greatly pleased with you.
You were something dangerously unstable.
You visited 5 branches of the dungeon, and saw 26 of its levels.
You also visited: Sewer and Ice Cave.

You collected 2420 gold pieces.
You spent 979 gold pieces at shops.

Inventory:

Hand Weapons
 C - the cursed +9 short sword "Eternal With Me" (melded) {freeze, Drain rC+ Dex+4, Alch, Fort}
   (You found it on level 10 of the Dungeon)

   Dex+4:     It affects your dexterity (+4).
   rC+:       It protects you from cold.
   Drain:     It drains your maximum health when unequipped.
   It has a curse which improves the following skills: Alchemy: Poison Magic and
   Transmutations.
   Fortitude: Armour and Shields.
 F - the +7 short sword of Ravvufa {venom, *Rage rF+++ rC- Stlth+}
   (You found it on level 10 of the Dungeon)

   rF+++:     It renders you almost immune to fire.
   rC-:       It makes you vulnerable to cold.
   *Rage:     It berserks you when you make melee attacks (+20% chance).
   Stlth+:    It makes you more stealthy.
Missiles
 h - 2 throwing nets (quivered)
 S - 5 silver javelins
Armour
 g - the cursed +1 pair of gloves "Behold Eternity" (worn) {Comp, Cun}
   (You found it on level 2 of the Lair of Beasts)

   It has a curse which improves the following skills: Companions: Summonings
   and Necromancy.
   Cunning:   Dodging and Stealth.
 i - the cursed +0 helmet "I Knew You'd Do That" (worn) {Elem, Bglg}
   (You found it on level 1 of the Dungeon)

   It has a curse which improves the following skills: Elements: Fire Magic, Ice
   Magic, Air Magic and Earth Magic.
   Beguiling: Conjurations, Hexes and Translocations.
 j - the cursed +0 pair of boots of Ashenzari's Adversity (worn) {Drain Regen+ Str+3 Dex+5, Range, Comp}
   (You acquired it on level 11 of the Dungeon)

   Str+3:     It affects your strength (+3).
   Dex+5:     It affects your dexterity (+5).
   Regen+:    It increases your rate of health regeneration.
   Drain:     It drains your maximum health when unequipped.
   It has a curse which improves the following skills: Ranged Combat: Ranged
   Weapons and Throwing.
   Companions: Summonings and Necromancy.
 B - the cursed +0 cloak "Circumscribed Omission" (worn) {rN+, Comp, Cun}
   (You bought it in a shop on level 2 of the Orcish Mines)

   rN+:       It protects you from negative energy.
   It has a curse which improves the following skills: Companions: Summonings
   and Necromancy.
   Cunning:   Dodging and Stealth.
 E - the cursed +0 acid dragon scales "Unveiling Apathy" (worn) {rCorr, Comp, Bglg}
   (You found it on level 9 of the Dungeon)

   rCorr:     It protects you from acid and corrosion.
   It has a curse which improves the following skills: Companions: Summonings
   and Necromancy.
   Beguiling: Conjurations, Hexes and Translocations.
 P - a +1 kite shield of cold resistance (melded)
Jewellery
 f - a ring of flight
 n - the cursed ring "Share My Regret" (left hand) {Dex+6, Melee, Self}
   (You found it on level 2 of the Dungeon)

   [ring of dexterity]

   Dex+6:     It affects your dexterity (+6).
   It has a curse which improves the following skills: Melee Combat: Short
   Blades, Long Blades, Axes, Maces & Flails, Polearms, Staves and Unarmed
   Combat.
   Introspection: Fighting and Spellcasting.
 p - a ring of protection from fire
 x - a +6 ring of intelligence
 J - a ring of protection from cold (right hand)
 M - a ring of protection from cold
 Q - a ring of protection from fire
 U - a ring of wizardry
Talismans
 d - a flux talisman (active)
Wands
 a - a wand of charming (12)
 t - a wand of flame (66)
 A - a wand of digging (17)
 G - a wand of roots (17)
 I - a wand of light (9)
Scrolls
 e - a scroll of silence
 l - 2 scrolls of poison
 q - a scroll of revelation
 u - 2 scrolls of fear
 v - 6 scrolls of fog
 y - 17 scrolls of teleportation
 D - 4 scrolls of vulnerability
 O - 2 scrolls of immolation
 T - a scroll of brand weapon
 W - 2 scrolls of enchant weapon
 X - 2 scrolls of amnesia
 Z - 3 scrolls of enchant armour
Potions
 b - 2 potions of resistance
 k - 4 potions of lignification
 m - a potion of might
 o - 3 potions of brilliance
 r - a potion of invisibility
 s - 4 potions of enlightenment
 w - a potion of curing
 z - 2 potions of mutation
 H - 2 potions of cancellation
 K - 5 potions of attraction
 R - 3 potions of haste
Miscellaneous
 c - a sack of spiders (inert)
 V - a phial of floods
 Y - a condenser vane (inert)


   Skills:
 + Level 12.1(13.9) Fighting
 + Level 11.8(13.6) Short Blades
 + Level 11.8(13.6) Long Blades
 + Level 11.8(13.6) Axes
 + Level 11.8(13.6) Maces & Flails
 + Level 11.8(13.6) Polearms
 + Level 11.8(13.6) Staves
 + Level 11.8(13.6) Ranged Weapons
 + Level 11.8(13.6) Throwing
 + Level 11.8 Armour
 + Level 12.7(15.3) Dodging
 + Level 11.8(14.5) Stealth
 + Level 11.8 Shields
 + Level 13.4(15.1) Unarmed Combat
 + Level 11.8(13.6) Spellcasting
 + Level 10.0(12.7) Conjurations
 + Level 10.0(12.7) Hexes
 + Level 10.0(14.3) Summonings
 + Level 10.0(14.3) Necromancy
 + Level 10.0(12.7) Translocations
 + Level 10.0 Transmutations
 + Level 10.0(11.8) Fire Magic
 + Level 10.0(11.8) Ice Magic
 + Level 10.0(11.8) Air Magic
 + Level 10.0(11.8) Earth Magic
 + Level 10.0 Poison Magic
 + Level 12.8 Invocations
 + Level 11.8 Evocations
 + Level 12.6 Shapeshifting


You had 16 spell levels left.
You knew the following spells:

 Your Spells              Type           Power      Damage    Failure   Level
a - Stone Arrow           Conj/Erth      94%        3d12      1%          3
b - Confusing Touch       Hex            48%        N/A       1%          3
c - Call Canine Familiar  Summ           52%        N/A       1%          3
d - Summon Guardian Gole  Hex/Summ       50%        N/A       1%          3
e - Irradiate             Conj/Tmut      22%        3d19      2%          5
f - Summon Mana Viper     Hex/Summ       50%        N/A       1%          5
h - Freezing Cloud        Conj/Ice/Air   23%        6-21      1%          5

Your spell library contained the following spells:

 Spells                   Type           Power      Damage    Failure   Level
 Kiss of Death            Conj/Necr      100%       2d13      1%          1
 Shock                    Conj/Air       100%       1d9       1%          1
 Slow                     Hex            100%       N/A       1%          1
 Summon Small Mammal      Summ           100%       N/A       1%          1
 Ensorcelled Hibernation  Hex/Ice        94%        N/A       1%          2
 Passwall                 Tmut/Erth      35%        N/A       1%          2
 Poisonous Vapours        Pois/Air       86%        N/A       1%          2
 Sublimation of Blood     Necr           52%        N/A       1%          2
 Hailstorm                Conj/Ice       47%        3d11      1%          3
 Ignite Poison            Fire/Tmut/Pois 42%        N/A       1%          3
 Mephitic Cloud           Conj/Pois/Air  44%        N/A       1%          3
 Sigil of Binding         Hex            48%        N/A       1%          3
 Swiftness                Air            45%        N/A       1%          3
 Vampiric Draining        Necr           52%        2d9       1%          3
 Airstrike                Air            22%        2d(4-20)  1%          4
 Animate Armour           Summ/Erth      98%        N/A       1%          4
 Dispel Undead            Necr           52%        3d19      1%          4
 Petrify                  Tmut/Erth      43%        N/A       1%          4
 Summon Ice Beast         Ice/Summ       49%        N/A       1%          4
 Alistair's Intoxication  Tmut/Pois      26%        N/A       3%          5
 Simulacrum               Ice/Necr       24%        N/A       6%          6
 Lehudib's Crystal Spear  Conj/Erth      23%        10d7      98%         8


Dungeon Overview and Level Annotations

Branches:
Dungeon (15/15)            Temple (0/1) D:6            Lair (5/5) D:9
  Swamp (0/4) Lair:2       Spider (3/4) Lair:3        Slime (0/5) Lair:4
    Orc (2/2) D:9             Elf (1/3) Orc:2        Vaults (0/5) D:13
 Depths (0/4) D:15          Sewer (visited)           IceCv (visited)

Altars:
Ashenzari
Cheibriados
Dithmenos
Fedhas
Gozag
Kikubaaqudgha
Nemelex Xobeh
Ru
Trog
Uskayaw
Wu Jian
Xom
The Shining One

Shops:
D:5 *?:((   D:6 :   D:7 [:   D:12 (   D:14 !   Orc:2 [([*

Portals:
Trove: D:13 (give 4 scrolls of blinking)

Annotations:
D:13 3 runed translucent doors, Vauhadiu's ghost, novice FoFi
Lair:4 2 transporters, Agan's ghost, journeyman MeSh


Innate Abilities, Weirdness & Mutations

You are something dangerously unstable.
You glow with magical radiation, making you easy to see and hit.
Foes you strike become dangerously contaminated with magical radiation.
You are incapable of wielding weapons or throwing items.
You have very sharp teeth.
Your uncanny sense of smell can sniff out nearby items.
Your experience applies equally to all skills.
You are partially covered in iridescent scales. (AC +2)
You have an increased reservoir of magic. (+10% MP)
Your system is resistant to poisons. (rPois)
You expend magic power (3 MP) to strengthen your wands.


Message History

Anything else - Cancel.
Gang up on whom?
Press: ? - help, Dir - move target, f/p - orb spider
Aim: an orb spider (almost dead, magic disrupted) Attack!
The jumping spider is engulfed in poison gas.
The jumping spider is poisoned.
The orb spider is engulfed in poison gas.
The orb spider looks as sick as possible!
The orb spider weaves a glowing orb of energy.
A pharaoh ant comes into view.
An orb of destruction comes into view.
What are your orders? t - Bark!
Orders for allies: a - Attack new target. p - Attack previous target. r - Retreat! s - Stop attacking. g - Guard the area. f - Follow me.
Anything else - Cancel.
Gang up on whom?
Press: ? - help, Dir - move target, f/p - orb spider
Aim: an orb spider (almost dead, ally target, magic disrupted) Attack!
The orb of destruction hits you!!!
Your mana viper bites the orb spider!
The orb spider dies!
The orb spider is engulfed in poison gas.
The orb spider looks even sicker.
The orb spider weaves a glowing orb of energy.
An orb of destruction comes into view.
The orb spider is engulfed in poison gas.
The orb spider looks as sick as possible!
The orb spider spins a strand of pure energy.
You kill the orb spider!
The orb of destruction hits you!!!
* * * LOW HITPOINT WARNING * * *
The orb spider is engulfed in poison gas.
The orb spider looks as sick as possible!
A redback comes into view.
You feel your dexterity returning. The orb of destruction hits you!!!
You die...

*,○°.°§.s☼§§..§.,*
,○.☼☼§.^§§☼○§°.§.,*
,°○.○.☼☼○§..§.§○..****
*§○☼.§○.°☼°°°§§°...^.,
*°☼☼§BS§☼○○○☼○§☼.....,
,§○○°..§○§..☼.°......,
,○§§°..#☼☼☼§§s§......,
,§○☼☼○.§○°☼.○°°°.....,
,§§○§..°p§°☼.§.☼....^*
,○§§.°.☼§☼☼☼.○.......,
,§.°○#.§..§§§.%°.....,
,○°.,##°○°○☼>°.......,
,☼§...○°.§○☼§°☼°.....,
,○,.....§☼○○○§.○.....,
,,,..§§.○○°○☼○§°.....,
,,,^.............^...,
***##################*


You could see an orb spider (extremely poisoned) and a pharaoh ant.

Vanquished Creatures
  Agnes (Spider:1)
  A ghost moth (Spider:2)
  An orc warlord (Orc:2)
  2 broodmothers (Spider:2)
  A dire elephant (Lair:5)
  2 vault guards (D:13)
  5 boulder beetles
  4 centaur warriors
  5 two-headed ogres
  3 death yaks
  6 demonic crawlers
  4 orc high priests
  A deep troll shaman (Lair:5)
  A skyshark (Lair:5)
  A deep elf knight (Elf:1)
  5 pharaoh ants
  A sun moth (Spider:1)
  A skeletal warrior (D:12)
  3 orb spiders
  2 steelbarb worms (Spider:1)
  A harpy (D:10)
  3 arcanists (D:13)
  5 wolf spiders
  6 orc sorcerers
  3 manticores
  15 ugly things
  A moth of wrath (Spider:2)
  2 cyclopes
  14 elephants
  4 black mambas
  A torpor snail (Spider:1)
  A gargoyle (D:13)
  8 cane toads
  2 rime drakes
  5 komodo dragons
  5 yaktaurs (D:15)
  2 ice devils (D:11)
  A freezing wraith (D:14)
  7 trolls
  13 polar bears
  10 tarantellas
  A wolf spider simulacrum (D:15)
  25 blink frogs
  14 jumping spiders
  9 culicivoras
  A nameless horror (Lair:2)
  A wraith (D:14)
  2 slime creatures (D:12)
  20 humans (D:13)
  A wyvern (Lair:2)
  39 yaks
  5 vampire mosquitoes
  2 steam dragons
  17 redbacks
  2 wargs (Orc:2)
  3 acid dragons
  Menkaure (D:4)
  7 water moccasins
  2 ice beasts
  4 black bears
  18 orc warriors
  A sky beast (D:4)
  4 ogres
  11 centaurs
  30 wolves
  3 phantoms
  3 kobold brigands
  8 bullfrogs
  8 scorpions
  A gnoll sergeant (D:11)
  3 wights
  11 killer bees
  An electric eel (D:11)
  8 howler monkeys
  19 orc priests
  3 hounds
  4 jellies
  3 gnoll boudas
  5 iguanas
  Crazy Yiuf (D:5)
  A sleepcap (D:6)
  A hell rat (Lair:5)
  30 orc wizards
  10 adders
  28 gnolls
  2 river rats (Sewer)
  A shadow imp (D:6)
  4 white imps
  6 ufetubi
  3 worms
  A dart slug (D:3)
  87 orcs
  7 ball pythons
  8 endoplasms
  5 giant cockroaches
  6 goblins
  5 hobgoblins
  4 jackals (D:3)
  2 quokkas
  15 bats
  7 frilled lizards
  12 kobolds
  8 rats
713 creatures vanquished.

Vanquished Creatures (collateral kills)
  A ghost moth (Spider:2)
  An eleionoma (Lair:2)
  A fire dragon (D:15)
  2 hydras
  2 radroaches
  2 two-headed ogres (D:15)
  A catoblepas (Lair:5)
  A centaur warrior (D:13)
  2 death yaks
  3 pharaoh ants
  A flayed ghost (D:10)
  3 orb spiders
  A wolf spider (Spider:1)
  A steelbarb worm (Spider:2)
  A deep elf zephyrmancer (Elf:1)
  3 ugly things
  A moth of wrath (Spider:2)
  2 elephants
  A cane toad (Lair:2)
  A kobold demonologist (D:13)
  A komodo dragon (Lair:2)
  A freezing wraith (D:10)
  2 burning bushes (Lair:2)
  2 polar bears
  A troll (shapeshifter) (D:10)
  A blink frog (Lair:2)
  A jumping spider (Spider:2)
  2 culicivoras (Spider:2)
  6 yaks
  4 redbacks (Spider:2)
  A basilisk (Lair:2)
  A warg (Orc:1)
  4 water moccasins
  An ice beast (D:11)
  2 orc warriors
  2 ogres
  3 centaurs (D:13)
  8 wolves
  A scorpion (Lair:3)
  A wight (D:10)
  A jelly (Lair:4)
  4 orc priests
  3 orc wizards
  A nameless horror (Lair:2)
  A boggart simulacrum (D:15)
  A worm (Lair:3)
  11 orcs
  A giant cockroach (Lair:3)
99 creatures vanquished.

Vanquished Creatures (others)
  Aizul (Spider:3)
  A frost giant (IceCv)
  A deep elf elementalist (Elf:1)
  A quicksilver ooze (shapeshifter) (D:10)
  An ettin (Orc:1)
  2 ogre magi
  A jorogumo (Spider:2)
  An ice dragon (D:15)
  3 two-headed ogres
  A radroach (Spider:1)
  A boulder beetle (Spider:1)
  13 death yaks
  A pharaoh ant (Spider:2)
  A steelbarb worm (Spider:2)
  2 orc knights
  3 ugly things (D:15)
  2 cyclopes
  A manticore (D:15)
  Maurice (D:11)
  An ice statue (IceCv)
  3 cane toads
  A komodo dragon (Lair:1)
  A burning bush (Lair:2)
  3 trolls
  A polar bear (D:11)
  A jumping spider (Spider:3)
  5 centaur simulacra (D:11)
  A slime creature (D:12)
  A wraith (D:12)
  A culicivora (Spider:2)
  18 yaks
  3 basilisks
  A water moccasin (Lair:4)
  5 orc warriors
  4 ice beasts (D:11)
  4 wolves
  3 ogres
  A killer bee (D:9)
  A howler monkey (D:11)
  An orc priest (Orc:2)
  A gnoll (D:11)
  An ufetubus (D:6)
  A worm (Lair:3)
  3 orcs (Orc:2)
104 creatures vanquished.

Grand Total: 916 creatures vanquished

Notes
Turn   | Place    | Note
-------+----------+-------------------------------------------
     0 | D:1      | croobank the Gnoll Shapeshifter began the quest for the
                  | Orb.
     0 | D:1      | Reached XP level 1. HP: 17/17 MP: 1/1
   121 | D:1      | Reached XP level 2. HP: 20/23 MP: 2/2
   647 | D:2      | Reached XP level 3. HP: 28/28 MP: 3/3
   772 | D:2      | Reached skill level 1 in Invocations
   881 | D:2      | Reached skill level 1 in Short Blades
   881 | D:2      | Reached skill level 1 in Long Blades
   881 | D:2      | Reached skill level 1 in Axes
   881 | D:2      | Reached skill level 1 in Maces & Flails
   881 | D:2      | Reached skill level 1 in Polearms
   881 | D:2      | Reached skill level 1 in Staves
   881 | D:2      | Reached skill level 1 in Ranged Weapons
   881 | D:2      | Reached skill level 1 in Throwing
   881 | D:2      | Reached skill level 1 in Armour
   881 | D:2      | Reached skill level 1 in Stealth
   881 | D:2      | Reached skill level 1 in Shields
   881 | D:2      | Reached skill level 1 in Spellcasting
   881 | D:2      | Reached skill level 1 in Evocations
  1399 | D:2      | Reached XP level 4. HP: 34/34 MP: 5/5
  1617 | D:3      | Gained mutation: Your system is resistant to poisons.
                  | (rPois) [potion of mutation]
  1617 | D:3      | Gained mutation: You expend magic power (3 MP) to
                  | strengthen your wands. [potion of mutation]
  1617 | D:3      | Gained mutation: You have an increased reservoir of magic.
                  | (+10% MP) [potion of mutation]
  1617 | D:3      | Gained mutation: You are partially covered in iridescent
                  | scales. (AC +2) [potion of mutation]
  1632 | D:3      | Reached skill level 1 in Conjurations
  1632 | D:3      | Reached skill level 1 in Hexes
  1632 | D:3      | Reached skill level 1 in Summonings
  1632 | D:3      | Reached skill level 1 in Necromancy
  1632 | D:3      | Reached skill level 1 in Translocations
  1632 | D:3      | Reached skill level 1 in Transmutations
  1632 | D:3      | Reached skill level 1 in Fire Magic
  1632 | D:3      | Reached skill level 1 in Ice Magic
  1632 | D:3      | Reached skill level 1 in Air Magic
  1632 | D:3      | Reached skill level 1 in Earth Magic
  1632 | D:3      | Reached skill level 1 in Poison Magic
  1891 | D:3      | Identified the +4 ring mail "Qinuoner" {Fly Will++ MP+9
                  | Int-4}
  1973 | D:3      | Reached XP level 5. HP: 40/40 MP: 7/7
  2213 | D:3      | Noticed a +0 dagger
  2214 | D:3      | Found a hide-covered altar of Uskayaw.
  2215 | D:3      | Noticed a +0 dagger
  2291 | D:4      | Noticed a sky beast
  2365 | D:4      | Found a glowing drain.
  2764 | D:4      | Reached XP level 6. HP: 32/47 MP: 9/9
  2766 | Sewer    | Entered a sewer
  2933 | Sewer    | Reached skill level 5 in Dodging
  2976 | Sewer    | Found a white marble altar of Elyvilon.
  3320 | D:4      | Killed a sky beast
  3321 | D:4      | Reached skill level 7 in Unarmed Combat
  3321 | D:4      | Reached XP level 7. HP: 44/52 MP: 11/11
  3425 | D:4      | Found a broken altar of Ashenzari.
  3428 | D:4      | Became a worshipper of Ashenzari the Shackled
  3433 | D:4      | Learned a level 3 spell: Stone Arrow
  3562 | D:4      | Noticed Menkaure
  3570 | D:4      | Killed Menkaure
  3948 | D:5      | Entered Level 5 of the Dungeon
  4788 | D:4      | Reached XP level 8. HP: 33/60 MP: 13/13
  5034 | D:5      | Found Osomoa Raela's Weapon Shop.
  5036 | D:5      | Found Ucoy's Assorted Antiques.
  5036 | D:5      | Found Ymoen's Magic Scroll Shoppe.
  5037 | D:5      | Found Fiump's Book Emporium.
  5037 | D:5      | Found Qaegro's Antique Weapon Shop.
  5041 | D:5      | Bought a black potion for 22 gold pieces
  5041 | D:5      | Bought a curved lead wand for 100 gold pieces
  5041 | D:5      | Bought a scroll labelled PIAQISHR ULYUSI for 25 gold pieces
  5041 | D:5      | Bought an ivory wand for 100 gold pieces
  5279 | D:5      | Found a shimmering altar of Xom.
  5293 | D:5      | Found a shadowy altar of Dithmenos.
  5787 | D:5      | Found a runed translucent door.
  5788 | D:5      | Noticed Crazy Yiuf
  5794 | D:5      | Killed Crazy Yiuf
  6424 | D:6      | Found Onolusk's Book Shop.
  6610 | D:6      | Found a staircase to the Ecumenical Temple.
  6639 | D:6      | Reached XP level 9. HP: 66/66 MP: 16/16
  6949 | D:6      | Found a snail-covered altar of Cheibriados.
  7021 | D:6      | Found a glowing golden altar of the Shining One.
  7072 | D:6      | Found an ornate altar of the Wu Jian Council.
  7526 | D:7      | Learned a level 3 spell: Call Canine Familiar
  7530 | D:7      | Learned a level 3 spell: Summon Guardian Golem
  7595 | D:7      | Reached skill level 5 in Fighting
  7705 | D:7      | Reached skill level 8 in Unarmed Combat
  7947 | D:7      | Found Deraa's Vocational Training.
  8047 | D:7      | Found a blossoming altar of Fedhas.
  8059 | D:7      | Found Geihekoq's Armour Shoppe.
  8066 | D:7      | Reached skill level 5 in Invocations
  8223 | D:7      | Found a sacrificial altar of Ru.
  8856 | D:8      | Found the +11 Singing Sword {sonic wave}
  9258 | D:8      | Found an ancient bone altar of Kikubaaqudgha.
  9684 | D:9      | Noticed an elephant
  9895 | D:9      | Noticed a two-headed ogre
 10303 | D:9      | Reached XP level 10. HP: 52/76 MP: 5/19
 10462 | D:9      | Reached skill level 5 in Short Blades
 10462 | D:9      | Reached skill level 5 in Long Blades
 10462 | D:9      | Reached skill level 5 in Axes
 10462 | D:9      | Reached skill level 5 in Maces & Flails
 10462 | D:9      | Reached skill level 5 in Polearms
 10462 | D:9      | Reached skill level 5 in Staves
 10462 | D:9      | Reached skill level 5 in Ranged Weapons
 10462 | D:9      | Reached skill level 5 in Throwing
 10462 | D:9      | Reached skill level 5 in Armour
 10462 | D:9      | Reached skill level 5 in Stealth
 10462 | D:9      | Reached skill level 5 in Shields
 10462 | D:9      | Reached skill level 5 in Spellcasting
 10462 | D:9      | Reached skill level 5 in Evocations
 10913 | D:9      | Noticed an elephant
 10934 | D:9      | Killed an elephant
 11226 | D:9      | Killed an elephant
 11270 | D:9      | Killed a two-headed ogre
 11380 | D:9      | Identified the +6 orcbow of the Everdark {speed, Dex+3}
 11383 | D:9      | Found a staircase to the Lair.
 11774 | D:9      | Found a staircase to the Orcish Mines.
 11873 | D:9      | Noticed an elephant
 11990 | D:9      | Killed an elephant
 12483 | D:10     | Identified the "Xasau"
 12483 | D:10     | Entered Level 10 of the Dungeon
 12633 | D:10     | Reached XP level 11. HP: 63/83 MP: 13/22
 12643 | D:10     | Reached skill level 9 in Unarmed Combat
 12706 | D:10     | Noticed an entropy weaver
 12706 | D:10     | Noticed a harpy
 12706 | D:10     | Noticed a flayed ghost
 12706 | D:10     | Noticed an orc knight
 12706 | D:10     | Noticed a wolf spider
 12706 | D:10     | Noticed a centaur warrior
 12706 | D:10     | Found a runed translucent door.
 12732 | D:10     | Reached skill level 5 in Conjurations
 12732 | D:10     | Reached skill level 5 in Hexes
 12732 | D:10     | Reached skill level 5 in Summonings
 12732 | D:10     | Reached skill level 5 in Necromancy
 12732 | D:10     | Reached skill level 5 in Translocations
 12732 | D:10     | Reached skill level 5 in Transmutations
 12732 | D:10     | Reached skill level 5 in Fire Magic
 12732 | D:10     | Reached skill level 5 in Ice Magic
 12732 | D:10     | Reached skill level 5 in Air Magic
 12732 | D:10     | Reached skill level 5 in Earth Magic
 12732 | D:10     | Reached skill level 5 in Poison Magic
 13452 | D:10     | Found a sparkling altar of Nemelex Xobeh.
 13982 | D:10     | Noticed a deep troll
 14016 | D:11     | Noticed a manticore
 14037 | D:11     | Killed a manticore
 14153 | D:11     | Found a frozen archway.
 14162 | IceCv    | Entered an ice cave
 14600 | IceCv    | Noticed a death yak
 14617 | IceCv    | Killed a death yak
 14894 | IceCv    | Reached XP level 12. HP: 89/92 MP: 25/25
 15008 | IceCv    | Noticed a death yak
 15010 | IceCv    | Noticed a death yak
 15010 | IceCv    | Noticed a death yak
 15019 | IceCv    | Killed a death yak
 15026 | IceCv    | Killed a death yak
 15035 | IceCv    | Killed a death yak
 15183 | IceCv    | Noticed a death yak
 15183 | IceCv    | Noticed a frost giant
 15183 | IceCv    | Noticed a death yak
 15184 | IceCv    | Noticed a death yak
 15206 | IceCv    | Killed a death yak
 15218 | IceCv    | Killed a death yak
 15220 | IceCv    | Killed a death yak
 15221 | IceCv    | Reached skill level 10 in Unarmed Combat
 15224 | IceCv    | Killed a frost giant
 16165 | D:11     | Noticed a two-headed ogre
 16203 | D:11     | Killed a two-headed ogre
 16709 | D:11     | Noticed a two-headed ogre
 16711 | D:11     | Killed a two-headed ogre
 16712 | D:11     | Reached XP level 13. HP: 100/100 MP: 27/27
 16859 | D:11     | Noticed Maurice
 16879 | D:11     | Killed Maurice
 17052 | D:11     | Found a blossoming altar of Fedhas.
 17104 | D:11     | Reached skill level 10 in Shapeshifting
 17664 | D:11     | Identified a scroll of acquirement
 17664 | D:11     | Acquired the +0 pair of boots "Xauwn" {Drain Regen+ Str+3
                  | Dex+5}
 17670 | D:11     | Reached * piety under Ashenzari
 18222 | D:12     | You fall into a shaft and drop 1 floor!
 18252 | D:13     | Found a portal to a secret trove of treasure.
 18907 | D:12     | Found Enorph Hilip's Antique Weapon Emporium.
 19476 | Lair:1   | Entered Level 1 of the Lair of Beasts
 19476 | Lair:1   | Identified the +1 robe of the Lich-sworn {rCorr}
 19655 | Lair:1   | Learned a level 3 spell: Confusing Touch
 20150 | Lair:1   | Reached skill level 10 in Dodging
 20150 | Lair:1   | Reached skill level 11 in Unarmed Combat
 21256 | Lair:1   | Reached XP level 14. HP: 110/110 MP: 23/30
 21638 | Lair:1   | Reached skill level 10 in Invocations
 22175 | Lair:2   | Identified the "Uhymuc" (You acquired it on level 2 of the
                  | Lair of Beasts)
 22175 | Lair:2   | Acquired the Parchment of the Oath and the Lungs
 22183 | Lair:2   | Learned a level 5 spell: Summon Mana Viper
 22447 | Lair:2   | Noticed an eleionoma
 22463 | Lair:2   | Killed an eleionoma
 22537 | Lair:2   | Found a staircase to the Swamp.
 23381 | D:10     | Identified the +9 short sword of Foul Odours {freeze, Drain
                  | rC+ Dex+4}
 23381 | D:10     | Identified the +7 short sword of Ravvufa {venom, *Rage
                  | rF+++ rC- Stlth+}
 23383 | D:10     | Identified the +7 short sword of Uneomousch {heavy, +Blink
                  | Str+5}
 23397 | D:10     | an alligator changed into a quicksilver ooze
 23397 | D:10     | Noticed a quicksilver ooze (shapeshifter)
 23405 | D:10     | Killed a quicksilver ooze
 24486 | Lair:3   | Found a hole to the Spider Nest.
 24513 | Lair:3   | Reached skill level 10 in Fighting
 25859 | Lair:4   | Found a transporter.
 25873 | Lair:4   | Noticed Agan's ghost (journeyman MeSh)
 25876 | Lair:4   | Reached ** piety under Ashenzari
 25951 | Lair:4   | Found a transporter.
 25955 | Lair:4   | Found a bloodstained altar of Trog.
 26079 | Lair:4   | Reached XP level 15. HP: 119/119 MP: 33/33
 26306 | Lair:4   | Found a staircase to the Slime Pits.
 26583 | Lair:5   | Entered Level 5 of the Lair of Beasts
 26675 | Lair:5   | Identified the +6 chain mail of the Fiend {Str+2}
 26773 | Lair:5   | Reached skill level 10 in Short Blades
 26773 | Lair:5   | Reached skill level 10 in Long Blades
 26773 | Lair:5   | Reached skill level 10 in Axes
 26773 | Lair:5   | Reached skill level 10 in Maces & Flails
 26773 | Lair:5   | Reached skill level 10 in Polearms
 26773 | Lair:5   | Reached skill level 10 in Staves
 26773 | Lair:5   | Reached skill level 10 in Ranged Weapons
 26773 | Lair:5   | Reached skill level 10 in Throwing
 26773 | Lair:5   | Reached skill level 10 in Armour
 26773 | Lair:5   | Reached skill level 10 in Stealth
 26773 | Lair:5   | Reached skill level 10 in Shields
 26773 | Lair:5   | Reached skill level 10 in Spellcasting
 26773 | Lair:5   | Reached skill level 10 in Evocations
 27076 | Lair:5   | Reached skill level 12 in Unarmed Combat
 27111 | Lair:5   | Reached *** piety under Ashenzari
 28316 | Orc:1    | Entered Level 1 of the Orcish Mines
 28600 | Gauntlet | Identified the "Pawnydgh"
 28600 | Orc:2    | Entered Level 2 of the Orcish Mines
 28611 | Orc:1    | Reached **** piety under Ashenzari
 28852 | Orc:2    | Found Ycsob's Assorted Antiques.
 29053 | Orc:2    | Noticed an orc warlord
 29097 | Orc:2    | Killed an orc warlord
 29168 | Orc:2    | Found Filiph Dium's Antique Armour Shop.
 29177 | Orc:2    | Found Suejal's Antique Weapon Boutique.
 29560 | Orc:2    | Found a staircase to the Elven Halls.
 30488 | Orc:2    | Found Hojaot's Antique Armour Shoppe.
 30577 | Spider:2 | Identified the "Vaovvour"
 30577 | Crypt:3  | Identified the "Dolestreb"
 30577 | Depths:2 | Identified the "Hiokicis"
 30577 | Elf:1    | Identified the "Etaitauth"
 30577 | Elf:1    | Entered Level 1 of the Elven Halls
 30635 | Elf:1    | Noticed a deep elf elementalist
 30643 | Elf:1    | Killed a deep elf elementalist
 30955 | D:13     | Found a runed translucent gate.
 31626 | D:13     | Found a gate to the Vaults.
 31637 | D:13     | Reached XP level 16. HP: 129/129 MP: 32/35
 31847 | D:13     | Found a runed translucent gate.
 31847 | D:13     | Found a runed translucent gate.
 31847 | D:13     | Found an opulent altar of Gozag.
 31850 | D:13     | Noticed a tengu reaver
 31851 | D:13     | Noticed Vauhadiu's ghost (novice FoFi)
 32294 | D:14     | Found Pimutach's Distillery.
 32299 | D:14     | Bought 2 potions of resistance for 320 gold pieces
 32299 | D:14     | Bought a potion of heal wounds for 80 gold pieces
 32797 | D:15     | Entered Level 15 of the Dungeon
 33468 | D:15     | Found a staircase to the Depths.
 35520 | Orc:2    | Bought a faintly humming cloak for 332 gold pieces
 35520 | Orc:2    | Identified the +0 cloak of Honour {rN+} (You bought it in a
                  | shop on level 2 of the Orcish Mines)
 35532 | Orc:2    | Learned a level 5 spell: Freezing Cloud
 35673 | Lair:3   | Found a hole to the Spider Nest.
 36185 | Spider:1 | Entered Level 1 of the Spider Nest
 36511 | Spider:1 | Noticed Agnes
 36520 | Spider:1 | Killed Agnes
 36878 | Spider:1 | Reached skill level 13 in Unarmed Combat
 38657 | Spider:2 | Reached XP level 17. HP: 54/128 MP: 18/37
 39351 | Spider:2 | Learned a level 5 spell: Irradiate
 40973 | Spider:2 | Reached skill level 10 in Conjurations
 40973 | Spider:2 | Reached skill level 10 in Hexes
 40973 | Spider:2 | Reached skill level 10 in Summonings
 40973 | Spider:2 | Reached skill level 10 in Necromancy
 40973 | Spider:2 | Reached skill level 10 in Translocations
 40973 | Spider:2 | Reached skill level 10 in Transmutations
 40973 | Spider:2 | Reached skill level 10 in Fire Magic
 40973 | Spider:2 | Reached skill level 10 in Ice Magic
 40973 | Spider:2 | Reached skill level 10 in Air Magic
 40973 | Spider:2 | Reached skill level 10 in Earth Magic
 40973 | Spider:2 | Reached skill level 10 in Poison Magic
 41587 | Spider:3 | Identified the serpent talisman "Beptodwi" {rPois rF+++ rC-
                  | Dex-5}
 41587 | Spider:3 | Noticed Aizul
 41600 | Spider:3 | Killed Aizul
 41624 | Spider:3 | Blown up by an orb spider

Illustrated notes

Levels and vault maps discovered:
D:1:      dpeg_arrival_rooms_a, layout_rooms, nicolae_kite_square_tiling_tiny
D:2:      layout_loops_corners, minmay_misc_feat_enclosed,
          chequers_serial_rivers_micro_b
D:3:      layout_rooms, dancing_weapons_uskayaw
D:4:      layout_loops_ring, kennysheep_mini_moat, portal_sewer_entry_b,
          uniq_menkaure
D:5:      cheibrodos_helix_gallery, layout_rooms, brannock_xom_greatest_gift,
          nicolae_dithmenos_through_a_glass_darkly, nicolae_wooded_promenade,
          nicolae_zig_zag_zippers, uniq_crazy_yiuf_cottage
D:6:      layout_basic, pdpol_wu_jian_five_deadly_venoms,
          mainiacjoe_overflow_catch_the_wave, lemuel_temple_firewalk_b,
          serial_shops, shop, st_stairs_5, kennysheep_nub,
          minmay_misc_feat_square
D:7:      layout_loops_ring, mainiacjoe_overflow_cross_hatched,
          nicolae_ru_the_path_less_chosen, serial_shops, shop,
          nicolae_shop_vocational
D:8:      old_forge, layout_loops_ring, mainiacjoe_overflow_six_doors_small
D:9:      layout_irregular_city, grunt_lair_entry_orc_guard_hut, erik_orc_4
D:10:     minmay_gate_of_8, layout_basic, nemelex_xobeh_ov_fountains_minmay,
          serial_co_window_serial, co_window_corner_a, co_window_paths_a,
          co_window_paths_b, co_window_of_opportunity_a, co_window_corner_a,
          co_window_paths_b, co_window_broadway_b, co_window_2corner,
          co_window_of_opportunity_c, co_window_broadway_a, glass_columns_c,
          glass_columns_b
D:11:     layout_grid_maze, serial_ice, serial_ice_g, serial_ice_a,
          serial_ice_f, serial_ice_b, serial_ice_k, serial_ice_n, serial_ice_h,
          serial_ice_e, serial_ice_o, serial_ice_m,
          portal_ice_cave_demonic_guard, fedhas_ov_isle_minmay, uniq_maurice
D:12:     layout_basic, serial_shops, kennysheep_little_box,
          minmay_fractal_squares_gapless_5
D:13:     layout_loops_ring, grunt_vaults_entry_tiered,
          nicolae_trove_entry_crystal, ebering_ghost_gozag
D:14:     layout_cave_pods, serial_park_avenue1, serial_shops,
          nicolae_shop_industrial_runoff
D:15:     grunt_enter_depths_hoard, layout_stronghold, patterned_corridor,
          nrook_loot_triangle
Lair:1:   layout_small_grid, chequers_serial_rivers_large_b,
          nicolae_lair_grove_arrangements, infiniplex_staircase_pool_2
Lair:2:   layout_hall_layers, alex1729_swamp_entry_worm_eleionoma,
          serial_rivers, chequers_serial_rivers_room_a,
          chequers_serial_rivers_room_b, chequers_serial_rivers_small_a,
          chequers_serial_rivers_micro_d, chequers_serial_rivers_micro_c,
          chequers_serial_rivers_micro_e, evilmike_ambush
          [evilmike_ambush_outer_basic, evilmike_ambush_inner_basic],
          grunt_megastairs_1
Lair:3:   layout_roguey, nicolae_spider_entry_non_spiders, grunt_megastairs_2
Lair:4:   layout_roguey, slime_entry_2, gammafunk_ghost_wrathful_warriors
Lair:5:   grunt_lair_end_beastmaster, layout_loops_ring, st_stairs_8
Spider:1: layout_chambers, nicolae_spider_nooks_and_crannies, uniq_agnes
Spider:2: nicolae_spider_broodchamber
Spider:3: layout_spider_delve, nicolae_spider_acid_house, uniq_aizul
Orc:1:    layout_caves, nicolae_orc_crystal_geode
Orc:2:    grunt_orc_community_town_hall, layout_caves,
          grunt_orc_community_big_house_2, grunt_orc_community_big_house_2,
          grunt_orc_community_house_1, grunt_orc_community_house_1,
          grunt_orc_community_house_3, grunt_orc_community_house_3,
          gauntlet_entry_generic
Elf:1:    layout_geoelf_octagon, minmay_elf_annihilation,
          roderic_lattice_octagonal_star

Skill      XL: |  1  2  3  4  5  6  7  8  9 10 11 12 13 14 15 16 17 |
---------------+----------------------------------------------------+-----
Invocations    | 1 2 3 4 5 6 7 8 9 10 11 12 | 12.8
Short Blades   | 1 2 3 4 5 6 7 9 10 11 | 11.8
Long Blades    | 1 2 3 4 5 6 7 9 10 11 | 11.8
Axes           | 1 2 3 4 5 6 7 9 10 11 | 11.8
Maces & Flails | 1 2 3 4 5 6 7 9 10 11 | 11.8
Polearms       | 1 2 3 4 5 6 7 9 10 11 | 11.8
Staves         | 1 2 3 4 5 6 7 9 10 11 | 11.8
Ranged Weapons | 1 2 3 4 5 6 7 9 10 11 | 11.8
Throwing       | 1 2 3 4 5 6 7 9 10 11 | 11.8
Armour         | 1 2 3 4 5 6 7 9 10 11 | 11.8
Stealth        | 1 2 3 4 5 6 7 9 10 11 | 11.8
Shields        | 1 2 3 4 5 6 7 9 10 11 | 11.8
Spellcasting   | 1 2 3 4 5 6 7 9 10 11 | 11.8
Evocations     | 1 2 3 4 5 6 7 9 10 11 | 11.8
Conjurations   | 1 2 3 4 5 6 7 8 9 10 | 10.0
Hexes          | 1 2 3 4 5 6 7 8 9 10 | 10.0
Summonings     | 1 2 3 4 5 6 7 8 9 10 | 10.0
Necromancy     | 1 2 3 4 5 6 7 8 9 10 | 10.0
Translocations | 1 2 3 4 5 6 7 8 9 10 | 10.0
Transmutations | 1 2 3 4 5 6 7 8 9 10 | 10.0
Fire Magic     | 1 2 3 4 5 6 7 8 9 10 | 10.0
Ice Magic      | 1 2 3 4 5 6 7 8 9 10 | 10.0
Air Magic      | 1 2 3 4 5 6 7 8 9 10 | 10.0
Earth Magic    | 1 2 3 4 5 6 7 8 9 10 | 10.0
Poison Magic   | 1 2 3 4 5 6 7 8 9 10 | 10.0
Fighting       | 3 4 5 6 7 8 9 10 11 12 | 12.1
Dodging        | 5 6 7 8 9 10 11 12 | 12.7
Unarmed Combat | 7 8 9 10 11 12 13 | 13.4
Shapeshifting  | 7 8 9 10 11 12 | 12.6

Action                     |  1- 3 |  4- 6 |  7- 9 | 10-12 | 13-15 | 16-18 || total
---------------------------+-------+-------+-------+-------+-------+-------++-------
  Melee: Unarmed           |    98 |   138 |   425 |   349 |  1101 |   507 ||  2618
         Bite              |     5 |    10 |    54 |   102 |   279 |   118 ||   568
         Punch             |     1 |     7 |     1 |    10 |       |       ||    19
         Dagger            |       |       |       |   197 |    88 |       ||   285
         Short sword       |       |       |       |       |   221 |       ||   221
   Fire: Orcbow            |       |       |       |     6 |       |       ||     6
  Throw: Throwing net      |       |       |       |     1 |     1 |       ||     2
   Cast: Call Canine Famil |       |       |     4 |    33 |    49 |    20 ||   106
         Summon Guardian G |       |       |     2 |    27 |    68 |    33 ||   130
         Stone Arrow       |       |       |       |     8 |     2 |     1 ||    11
         Confusing Touch   |       |       |       |       |    95 |    89 ||   184
         Summon Mana Viper |       |       |       |       |    40 |    34 ||    74
         Freezing Cloud    |       |       |       |       |       |    64 ||    64
         Irradiate         |       |       |       |       |       |     1 ||     1
 Invoke: Curse Item        |       |       |     1 |       |     6 |     1 ||     8
         Shatter the Chain |       |       |       |       |       |     1 ||     1
  Evoke: Wand              |       |       |     6 |    16 |     4 |     9 ||    35
         Sack of spiders   |       |       |       |       |       |     1 ||     1
         Condenser vane    |       |       |       |       |       |     1 ||     1
    Use: Potion            |       |     8 |     2 |    10 |       |    10 ||    30
         Scroll            |       |     2 |    13 |     4 |    11 |     3 ||    33
   Stab: Sleeping          |     1 |     3 |     4 |     5 |     7 |     1 ||    21
         Held in net/web   |       |       |     1 |     2 |     1 |       ||     4
         Distracted        |       |       |       |     3 |     9 |       ||    12
         Invisible         |       |       |       |     1 |       |       ||     1
         Confused          |       |       |       |       |    67 |    55 ||   122
         Petrified         |       |       |       |       |     1 |       ||     1
 Armour: Animal skin       |    47 |    23 |       |       |       |       ||    70
         Skin              |       |     5 |       |     7 |       |       ||    12
         Leather armour    |       |    54 |   259 |   134 |       |       ||   447
         Acid dragon scale |       |       |       |   170 |   665 |   425 ||  1260
  Dodge: Dodged            |    80 |    85 |   400 |   402 |  1367 |   798 ||  3132
  Block: Kite shield       |       |       |       |   122 |   219 |       ||   341
   Form: Flux              |       |       |     1 |     1 |     2 |       ||     4
                           |       |       |       |     2 |     1 |       ||     3

Table legend: (Time is in decaauts)
 A = Elapsed time spent in this place.
 B = Non-inter-level travel time spent in this place.
 C = Inter-level travel time spent in this place.
 D = Time resting spent in this place.
 E = Time spent auto-exploring this place.
 F = Levels seen in this place.
 G = Mean time per level.
                   A        B        C        D        E       F      G
               +--------+--------+--------+--------+--------+-----+--------+
         Total |  41032 |  39119 |   1913 |  11775 |  18769 |  28 | 1465.4 |
       Dungeon |  22917 |  21798 |   1119 |   7195 |  10124 |  15 | 1527.8 |
          Lair |   8450 |   7966 |    484 |   1974 |   4320 |   5 | 1690.0 |
   Spider Nest |   5353 |   5295 |     58 |   1895 |   2403 |   3 | 1784.3 |
  Orcish Mines |   2277 |   2026 |    251 |    221 |   1069 |   2 | 1138.5 |
   Elven Halls |     74 |     74 |      0 |      0 |      0 |   1 |   74.0 |
         Sewer |    270 |    270 |      0 |     82 |    120 |   1 |  270.0 |
      Ice Cave |   1689 |   1689 |      0 |    408 |    732 |   1 | 1689.0 |
               +--------+--------+--------+--------+--------+-----+--------+

Top non-repeatable levels by time:
Spider:2: 2903 daAuts
     D:9: 2651 daAuts
Spider:1: 2416 daAuts
  Lair:1: 2314 daAuts
    D:11: 2169 daAuts
    D:15: 1973 daAuts
    D:10: 1969 daAuts
  Lair:3: 1957 daAuts
     D:8: 1861 daAuts
  Lair:2: 1777 daAuts
   IceCv: 1689 daAuts
     D:4: 1679 daAuts
     D:6: 1628 daAuts
  Lair:5: 1512 daAuts
   Orc:2: 1493 daAuts
